 Dungeon Crawl Stone Soup version 0.20.1-1-g8b1a95d (webtiles) character file.

1267 vatarom the Slasher (level 8, -12/62 HPs)
             Began as a Demonspawn Abyssal Knight on Oct 17, 2017.
             Was a Priest of Lugonu.
             Killed from afar by an orc (22 damage)
             ... with a wand of lightning (?/15)
             ... on level 6 of the Dungeon.
             The game lasted 00:12:33 (6758 turns).

vatarom the Slasher (Demonspawn Abyssal Knight)     Turns: 6758, Time: 00:12:33

Health: -12/62     AC: 19    Str: 12    XL:     8   Next: 27%
Magic:  11/11      EV: 10    Int: 15    God:    Lugonu [***...]
Gold:   400        SH:  0    Dex: 14    Spells: 7/7 levels left

rFire    . . .     SeeInvis .   m - +1 long sword
rCold    + . .     Gourm    .   (no shield)
rNeg     + . .     Faith    .   p - +0 scale mail
rPois    .         Spirit   .   (no helmet)
rElec    .         Reflect  .   v - +0 cloak
rCorr    .         Harm     .   q - +1 pair of gloves
MR       .....     Clarity  +   (no boots)
Stlth    ..........             (no amulet)
Regen    0.2/turn               i - ring of wizardry
MPRegen  0.2/turn               f - ring of positive energy

@: sanguine armour, flying
A: hooves 1, clarity, cold resistance 1, demonic guardian 1, mutation resistance
1, sanguine armour 2
a: Depart the Abyss, Bend Space, Banish, Renounce Religion


You were on level 6 of the Dungeon.
You worshipped Lugonu.
Lugonu was most pleased with you.
You were hungry.

You visited 2 branches of the dungeon, and saw 7 of its levels.
You visited the Abyss 1 time.

You collected 400 gold pieces.

Inventory:

Hand Weapons
 m - a +1 long sword (weapon)
Missiles
 s - a throwing net (quivered)
Armour
 p - a +0 scale mail (worn)
 q - a +1 pair of gloves (worn)
 v - a +0 cloak (worn)
Jewellery
 f - a ring of positive energy (right hand)
 i - a ring of wizardry (left hand)
Wands
 j - a wand of polymorph (5/24)
 o - a wand of iceblast (6/15)
Scrolls
 b - a scroll of enchant armour
 e - a scroll of magic mapping
 h - a scroll of fog
 l - 6 scrolls of identify
 n - 2 scrolls of teleportation
 u - a scroll of remove curse
Potions
 d - 2 potions of cancellation
 r - a potion of brilliance
Comestibles
 a - 13 fruits
 c - 2 bread rations
 k - a royal jelly
 t - a meat ration
 x - 5 chunks of flesh


   Skills:
 + Level 5.1 Fighting
 * Level 5.5 Long Blades
 * Level 3.8 Armour
 - Level 4.1 Dodging
 + Level 5.2 Invocations


You had 7 spell levels left.
You didn't know any spells.

Dungeon Overview and Level Annotations

Branches:
Dungeon (6/15)             Temple (1/1) D:4

Altars:
Ashenzari
Cheibriados
Dithmenos
Elyvilon
Fedhas
Gozag
Hepliaklqana
Kikubaaqudgha
Makhleb
Nemelex Xobeh
Okawaru
Qazlal
Ru
Sif Muna
Trog
Uskayaw
Vehumet
Xom
Yredelemnul
Zin
The Shining One

Annotations:
D:6 Dirian's ghost, novice MiFi


Innate Abilities, Weirdness & Mutations

You have large cloven feet.
Your flesh is cold resistant. (rC+)
A weak demonic guardian rushes to your aid.
When seriously injured, your bleeding wounds create thick armour. (AC +9)
You possess an exceptional clarity of mind.
You are somewhat resistant to further mutation.


Message History

Your shadow imp hits Dirian's ghost but does no damage.
Your shadow imp barely misses Dirian's ghost.
Dirian's ghost ripples.
The orc shouts!
The orc zaps a wand.
The bolt of lightning misses you.
Your shadow imp hits Dirian's ghost but does no damage.
Dirian's ghost hits you but does no damage.
Your shadow imp hits Dirian's ghost but does no damage.
You swap places.
The orc hits your white imp but does no damage.
Dirian's ghost says, "I guess you can't buy your way into a good afterlife."
Dirian's ghost hits your white imp!
Your white imp dies!
Your shadow imp completely misses Dirian's ghost.
Your shadow imp barely misses the orc.
Your shadow imp disappears in a puff of smoke!
The orc zaps a wand.
The bolt of lightning hits the orc.
The orc dies!
The bolt of lightning hits you!
You die...

####### # ..##<# #..
##.##.#
#..#######..##.######
............@.....##
..#..........o......#
#..#...........W......
.#.........).........
#.............>......[
#..........o..........
......................
......................
......................


You could see Dirian's ghost and 2 orcs.

Vanquished Creatures
  An ice beast (D:5)
  A phantom (D:6)
  A big kobold (D:4)
  The ghost of kalagan the Chiller, an amateur GrIE of Hepliaklqana (D:3)
  A scorpion (D:5)
  2 howler monkeys (D:5)
  A crimson imp (D:6)
  A bullfrog skeleton (D:5)
  A jelly (D:3)
  An orc priest (D:4)
  2 hounds
  2 centaur skeletons
  2 iguanas
  2 worker ants
  8 gnolls
  3 adders
  3 worms
  2 dart slugs
  3 leopard geckos
  14 orcs
  5 bats
  A giant cockroach (D:3)
  10 goblins
  6 hobgoblins
  9 jackals
  2 quokkas
  4 frilled lizards
  6 kobolds
  A quokka skeleton (D:5)
  3 rats
99 creatures vanquished.

Vanquished Creatures (collateral kills)
  Sigmund (D:6)
  2 ogres
  A bullfrog (D:6)
  A jelly (D:6)
  An orc wizard (D:5)
  Jessica (D:3)
  An orc (D:3)
  2 jackals (D:3)
  A bat (D:3)
11 creatures vanquished.

Vanquished Creatures (others)
  2 orcs (D:6)
2 creatures vanquished.

Grand Total: 112 creatures vanquished

Notes
Turn   | Place    | Note
-------+----------+-------------------------------------------
     0 | Abyss:1  | vatarom the Demonspawn Abyssal Knight began the quest for the Orb.
     0 | Abyss:1  | Reached XP level 1. HP: 18/18 MP: 2/2
    27 | Abyss:1  | Found a corrupted altar of Lugonu.
   125 | Abyss:1  | Noticed a wretched star
   127 | D:1      | Escaped the Abyss
   163 | D:1      | Reached * piety under Lugonu
   163 | D:1      | Reached skill level 1 in Dodging
   279 | D:1      | Gained mutation: When seriously injured, your bleeding wounds create armour. (AC +9) [demonic ancestry]
   279 | D:1      | Reached XP level 2. HP: 1/24 MP: 4/4
   965 | D:2      | Gained mutation: A weak demonic guardian rushes to your aid. [demonic ancestry]
   965 | D:2      | Reached XP level 3. HP: 17/29 MP: 5/5
  1403 | D:2      | Found a glowing golden altar of the Shining One.
  1757 | D:2      | Reached ** piety under Lugonu
  1968 | D:3      | Gained mutation: You are somewhat resistant to further mutation. [potion of mutation]
  1968 | D:3      | Gained mutation: You possess an exceptional clarity of mind. [potion of mutation]
  1994 | D:3      | Noticed kalagan's ghost (amateur GrIE)
  2038 | D:3      | Killed kalagan's ghost
  2038 | D:3      | Gained mutation: When seriously injured, your bleeding wounds create thick armour. (AC +9) [demonic ancestry]
  2038 | D:3      | Reached XP level 4. HP: 22/36 MP: 6/6
  2324 | D:3      | Noticed Jessica
  2341 | D:3      | Killed Jessica
  2341 | D:3      | Reached XP level 5. HP: 28/41 MP: 7/7
  3853 | D:4      | Gained mutation: Your flesh is cold resistant. (rC+) [demonic ancestry]
  3853 | D:4      | Reached XP level 6. HP: 35/48 MP: 8/8
  4038 | D:4      | Found a staircase to the Ecumenical Temple.
  4048 | Temple   | Entered the Ecumenical Temple
  4486 | D:5      | Entered Level 5 of the Dungeon
  4650 | D:5      | Reached XP level 7. HP: 34/55 MP: 10/10
  4762 | D:5      | Reached *** piety under Lugonu
  4996 | D:5      | Found a shadowy altar of Dithmenos.
  5850 | D:5      | Reached skill level 5 in Long Blades
  6040 | D:6      | Noticed Dirian's ghost (novice MiFi)
  6290 | D:6      | Noticed Sigmund
  6299 | D:6      | Killed Sigmund
  6299 | D:6      | Reached skill level 5 in Fighting
  6299 | D:6      | Reached skill level 5 in Invocations
  6299 | D:6      | Gained mutation: You have large cloven feet. [demonic ancestry]
  6299 | D:6      | Reached XP level 8. HP: 36/62 MP: 11/11
  6758 | D:6      | Killed from afar by an orc

Skill      XL: |  1  2  3  4  5  6  7 |
---------------+----------------------+-----
Dodging        | 1 2 3 4 |  4.1
Long Blades    | 2 3 4 5 |  5.5
Invocations    | 3 4 5 |  5.2
Fighting       | 4 5 |  5.1
Armour         | 3 |  3.8

Action                   |  1- 3 |  4- 6 |  7- 9 || total
-------------------------+-------+-------+-------++-------
Melee: Falchion          |    62 |       |       ||    62
       Long sword        |    48 |   137 |   168 ||   353
       Kick              |       |       |    14 ||    14
Invok: Depart the Abyss  |     1 |       |       ||     1
Evoke: Wand              |       |     3 |       ||     3
  Use: Potion            |     6 |     2 |     4 ||    12
       Scroll            |     5 |     3 |     5 ||    13
 Stab: Distracted        |     1 |       |     2 ||     3
  Eat: Chunk             |     3 |     4 |     7 ||    14
       Bread ration      |       |     1 |       ||     1
Armor: Leather armour    |    24 |    21 |       ||    45
       Scale mail        |       |    28 |    78 ||   106
Dodge: Dodged            |    78 |    98 |    93 ||   269
       Rpst.: Falchion   |    12 |       |       ||    12
       Long sword        |    11 |    29 |    30 ||    70
